 Dungeon Crawl Stone Soup version 0.20.1-1-g8b1a95d (webtiles) character file.

609827 Snarbu the Shatterer (level 26, -12/372 HPs)
             Began as a Minotaur Fighter on Oct 25, 2017.
             Was a High Priest of Okawaru.
             Killed from afar by an orb of fire (27 damage)
             ... with a bolt of fire
             ... on level 5 of the Realm of Zot on Oct 26, 2017.
             The game lasted 10:10:16 (66840 turns).

Snarbu the Shatterer (Minotaur Fighter)            Turns: 66840, Time: 10:10:17

Health: -12/372    AC: 36    Str: 34    XL:     26   Next: 73%
Magic:  0/40       EV: -1    Int: 13    God:    Okawaru [*****.]
Gold:   3889       SH: 26    Dex:  9    Spells: 25/25 levels left

rFire    + . .     SeeInvis .   Y - +9 morningstar (crush)
rCold    + . .     Gourm    .   S - +4 shield {AC+3}
rNeg     + + +     Faith    .   (armour currently unavailable)
rPois    +         Spirit   .   (helmet currently unavailable)
rElec    .         Reflect  +   (cloak currently unavailable)
rCorr    .         Harm     .   (gloves currently unavailable)
MR       +....     NoTele   +   (boots currently unavailable)
Stlth    +++.......             y - amulet "Oshuva" {Reflect rN+ MP+9 Str-4 SH+3}
Regen    0.0/turn               O - ring of the Oligarchy {rC+ EV+3 Str+4 Int+3}
MPRegen  0.3/turn               w - ring of Discretion {rPois rF+ Str+4 Int+5 Dex-5}

@: mighty, tree-form, heroism, finesse, constricted, studying Axes
A: (retaliatory headbutt), blurry vision 1, clumsy 2, deterioration 1, high mp
1, sense surroundings 1, inhibited regeneration, subdued magic 3
}: 3/15 runes: barnacled, silver, gossamer
a: Heroism, Finesse, Renounce Religion


You were on level 5 of the Realm of Zot.
You worshipped Okawaru.
Okawaru was extremely pleased with you.
You were not hungry.
You were a tree.
You visited 10 branches of the dungeon, and saw 50 of its levels.
You visited the Abyss 2 times.
You also visited: Ossuary and Wizlab.

You collected 6828 gold pieces.
You spent 2939 gold pieces at shops.

Inventory:

Hand Weapons
 d - the +8 great mace "Uteacunu" {holy, rF++ Str+3 Int+5}
   (Okawaru gifted it to you on level 14 of the Dungeon)

   It has been blessed by the Shining One to cause great damage to the undead
   and demons.
   It affects your strength (+3).
   It affects your intelligence (+5).
   It greatly protects you from fire.
 t - a +2 eveningstar of draining
 Y - a +9 morningstar of crushing (weapon)
Armour
 j - the +5 pair of gloves of Zin's Whim (melded) {+Inv rN+++ Str-3}
   (You found it on level 1 of the Vaults)

   It affects your strength (-3).
   It renders you almost immune to negative energy.
   It lets you turn invisible.
 n - the +3 shield of Dice, Bag, and Bottle {+Blink rPois Str-4 Dex+3}
   (Okawaru gifted it to you on level 5 of the Depths)

   It affects your strength (-4).
   It affects your dexterity (+3).
   It protects you from poison.
   It lets you blink.
 p - a scarf of repulsion
 q - the scarf "Mufe" (melded) {rN+ Regen+}
   (Okawaru gifted it to you on level 3 of the Elven Halls)

   It protects you from negative energy.
   It increases your rate of regeneration.
 x - the +3 hat "Pasouw" (melded) {rElec Dex+4}
   (You found it on level 3 of the Depths)

   It affects your dexterity (+4).
   It insulates you from electricity.
 A - a +2 pair of boots of running (melded)
 B - a +0 cloak of magic resistance
 E - the +0 pair of gloves "Raefodwe" {Slay+2}
   (You acquired it on level 3 of the Depths)

   It affects your accuracy and damage with ranged weapons and melee attacks
   (+2).
 J - a +0 cloak of poison resistance
 P - the +5 crystal plate armour of Repulsion (melded) {Int+5}
   (Okawaru gifted it to you on level 3 of the Lair of Beasts)

   It affects your intelligence (+5).
 S - a +4 shield of protection (worn)
 X - a +1 hat of see invisible
Jewellery
 c - the ring of Phasing {EV+8}
   (You found it on level 5 of the Vaults)

   [ring of evasion]

   It affects your evasion (+8).
 e - a ring of the Octopus King {rCorr AC+1 EV+1 Str+1 Int+1 Dex+1}
   (You took it off a vault warden on level 5 of the Vaults)

   [ring of resist corrosion]

   It affects your AC (+1).
   It affects your evasion (+1).
   It affects your strength (+1).
   It affects your intelligence (+1).
   It affects your dexterity (+1).
 h - the amulet "Buekap" {Inacc rF++ rC- Int+3}
   (You found it on level 4 of the Shoals)

   [amulet of inaccuracy]

   It reduces the accuracy of all your attacks.
   It affects your intelligence (+3).
   It greatly protects you from fire.
   It makes you vulnerable to cold.
 l - an uncursed ring of protection from magic
 u - an uncursed ring of protection from magic
 w - a ring of Discretion (right branch) {rPois rF+ Str+4 Int+5 Dex-5}
   (You took it off a deep elf archer on level 3 of the Elven Halls)

   [ring of strength]

   It affects your strength (+4).
   It affects your intelligence (+5).
   It affects your dexterity (-5).
   It protects you from fire.
   It protects you from poison.
 y - the amulet "Oshuva" (around neck) {Reflect rN+ MP+9 Str-4 SH+3}
   (You bought it in a shop on level 2 of the Orcish Mines)

   [amulet of reflection]

   It shields you and reflects attacks.
   It affects your strength (-4).
   It protects you from negative energy.
   It affects your magic capacity (+9).
   It affects your SH (+3).
 D - an uncursed ring of protection from cold
 H - an uncursed ring of flight
 L - a +4 ring of protection
 O - the ring of the Oligarchy (left branch) {rC+ EV+3 Str+4 Int+3}
   (You took it off a deep elf archer on level 3 of the Elven Halls)

   [ring of evasion]

   It affects your evasion (+3).
   It affects your strength (+4).
   It affects your intelligence (+3).
   It protects you from cold.
 R - a cursed ring of teleportation
 T - an uncursed ring of protection from cold
Wands
 a - a wand of acid (7/15)
 m - a wand of iceblast (15/15)
 I - a wand of paralysis (8/24)
 K - a wand of digging (1/24)
 W - a wand of disintegration (24/24)
 Z - a wand of confusion (17/48)
Scrolls
 o - 25 scrolls of remove curse
 v - 5 scrolls of teleportation
 G - a scroll of blinking
 M - a scroll of brand weapon
 N - 5 scrolls of fog
 Q - 6 scrolls of fear
Potions
 i - a potion of resistance
 k - 15 potions of curing
 r - 3 potions of lignification
 U - 3 potions of might
 V - 3 potions of berserk rage
Books
 z - a manual of Axes
Miscellaneous
 b - a fan of gales
 s - a phial of floods
Comestibles
 f - 12 bread rations
 g - 9 meat rations
 C - 3 royal jellies


   Skills:
 - Level 22.5(27) Fighting
 - Level 26.3(27) Maces & Flails
 - Level 24.8(27) Armour
 - Level 20.6(25.6) Dodging
 * Level 23.9(27) Shields
 - Level 9.0 Invocations
 - Level 4.3 Evocations


You had 25 spell levels left.
You didn't know any spells.

Dungeon Overview and Level Annotations

Branches:
Dungeon (15/15)            Temple (0/1) D:7            Lair (6/6) D:8
 Shoals (4/4) Lair:3       Spider (4/4) Lair:2        Slime (0/5) Lair:5
    Orc (2/2) D:11            Elf (3/3) Orc:2        Vaults (5/5) D:13
  Crypt (1/3) Vaults:2     Depths (5/5) D:15            Zot (5/5) Depths:5

Altars:
Ashenzari
Cheibriados
Dithmenos
Fedhas
Gozag
Hepliaklqana
Kikubaaqudgha
Makhleb
Nemelex Xobeh
Okawaru
Qazlal
Ru
Sif Muna
Uskayaw
Vehumet
Yredelemnul
The Shining One
Beogh
Jiyva

Shops:
D:15 =   Orc:1 }   Orc:2 ?[=[   Shoals:4 !   Vaults:2 }*   Vaults:4 ?
Depths:4 *

Portals:
Hell: Depths:1 Depths:2 Depths:3 Depths:5
Abyss: Depths:3 Depths:4 Depths:5
Pandemonium: Depths:3 Depths:5
Ziggurat: Depths:3
Trove: D:14 (give 8 scrolls of blinking)

Annotations:
D:14 1 runed door
Depths:1 exclusion: orange crystal statue
Depths:3 exclusion: ice statue
Zot:5 Tiamat


Innate Abilities, Weirdness & Mutations

((You reflexively headbutt those who attack you in melee.))
((You have a pair of horns on your head.))
((You have large cloven feet.))
Scrolls take you a little longer to read.
You are very clumsy. (Dex -4)
Your body sometimes deteriorates upon taking damage.
You have an increased reservoir of magic. (+10% MP)
You passively map a small area around you.
((Your system is resistant to poisons. (rPois)))
You do not regenerate when monsters are visible.
((You are occasionally teleported next to monsters.))
Your spells are much easier to cast, but much less powerful.


Message History

You feel your power leaking away.
The white draconian stormcaller mumbles some strange prayers to Qazlal against you.
Qazlal smites you!
* * * LOW HITPOINT WARNING * * *
The orb of fire glows deep purple.
Helpless, you fail to dodge the bolt of fire.
You resist.
* * * LOW HITPOINT WARNING * * *
The yellow draconian annihilator gestures wildly while chanting.
The yellow draconian annihilator blinks!
You are stuck in your current form!
You feel very mighty all of a sudden.
The tentacled monstrosity tentacle-slaps you but does no damage. x3
* * * LOW HITPOINT WARNING * * *
The tentacled monstrosity constricts you!
You feel you are being watched by something.
The orb of fire glows red.
Helpless, you fail to dodge the bolt of fire.
You resist.
You die...

, *
.........(.....
, ,
.............}.
*
............X8.
.......q.......
, * ,
.....kkqXl.....
, *
^...dpXddXy....
* ,
...lpq***dd....
* ..d{XXX♣*qd.▓
,..y##▓▓▓▓▓▓▓▓*
, , , , ,, , ,
, * , , , , ,,
, , *, , , , ,*
, , ,


You could see Tiamat (berserk), 4 orbs of fire, 2 Killer Klowns, an electric
golem, a tentacled monstrosity, a black draconian, a yellow draconian (berserk),
a green draconian (berserk), 3 draconians, 2 draconians, a white draconian
stormcaller, 6 Orb Guardians, a yellow draconian annihilator, a wind drake, 2
moths of wrath, 2 komodo dragons and a rime drake.

Vanquished Creatures
  An orb of fire (Zot:2)
  An ancient lich (Vaults:5)
  Mennas (Depths:5)
  The ghost of oldnick the Wrestler, a veteran TrMo of Jiyva (Depths:5)
  The ghost of Erymatos the Executioner, a veteran MiBe of Trog (Vaults:5)
  Sojobo (Depths:1)
  Frederick (Depths:4)
  Jory (Vaults:4)
  Nikola (Elf:1)
  5 golden dragons
  Jorgrun (Vaults:4)
  6 liches
  Rupert (Lair:5)
  A hellephant (Abyss:3)
  6 tentacled monstrosities
  Asterion (Elf:1)
  3 quicksilver dragons
  Polyphemus (Shoals:3)
  3 deep elf blademasters
  2 deep elf master archers (Elf:3)
  6 titans
  A tentacled starspawn (Vaults:4)
  3 sphinxes
  3 death cobs
  7 draconian monks
  The ghost of Timinator the Bludgeoner, an adept MiBe of Trog (Spider:1)
  6 shadow dragons
  9 tengu reavers
  Kirke (Shoals:3)
  5 storm dragons
  8 frost giants
  A daeva (Abyss:3)
  8 fire giants
  2 draconian knights (Zot:3)
  2 iron dragons (Vaults:5)
  8 deep elf sorcerers
  A fire giant (shapeshifter) (Vaults:5)
  7 ghost moths
  2 balrugs
  4 draconian scorchers
  An orc warlord (Orc:1)
  7 draconian shifters
  20 vault wardens
  Louise (D:14)
  6 emperor scorpions
  3 war gargoyles
  A draconian stormcaller (Zot:1)
  21 ironheart preservers
  10 very ugly things
  6 deep elf elementalists
  6 entropy weavers
  2 draconian annihilators (Zot:1)
  19 stone giants
  9 green draconians
  3 vampire knights
  5 black draconians
  8 white draconians
  Azrael (Elf:2)
  14 purple draconians
  13 deep elf demonologists
  7 red draconians
  4 spark wasps
  10 yellow draconians
  9 deep elf annihilators
  A dire elephant (Abyss:3)
  15 ettins
  9 statues (WizLab)
  6 merfolk javelineers (Shoals:4)
  5 merfolk impalers
  A blizzard demon (Depths:3)
  7 fire dragons
  8 deep elf death magi
  23 yaktaur captains
  2 crystal guardians (Depths:1)
  2 jiangshi (Depths:5)
  6 great orbs of eyes
  10 deep elf high priests
  40 vault guards
  10 ice dragons
  9 hydras
  4 alligator snapping turtles
  The ghost of prolog the Warrior, a journeyman GrBe of Trog (Lair:2)
  9 centaur warriors
  4 rakshasas
  3 merfolk avatars
  4 spriggan air magi
  A queen ant (Spider:2)
  3 catoblepae
  6 merfolk aquamancers
  24 ogre magi
  75 two-headed ogres
  A satyr (Shoals:2)
  28 dancing weapons
  3 death knights
  14 tengu warriors
  12 deep troll shamans
  A vampire mage (Depths:5)
  8 deep troll earth magi
  8 death yaks
  An orc high priest (Orc:1)
  9 spriggan berserkers
  Nergalle (Lair:3)
  3 soul eaters (Depths:3)
  2 thrashing horrors (Abyss:3)
  29 deep elf knights
  The ghost of Dommiel19 the Unseen, a novice OpAs (D:8)
  5 sun demons
  A wretched star (Abyss:3)
  7 iron trolls
  A spatial maelstrom (Abyss:3)
  A shadow wraith (Vaults:5)
  A fire crab (shapeshifter) (Vaults:5)
  4 large abominations (Abyss:3)
  A hell knight (Depths:2)
  4 flayed ghosts
  A deep troll (shapeshifter) (Vaults:4)
  2 quicksilver dragon simulacra (Depths:3)
  5 sea snakes
  6 wizards
  7 glowing orange brains
  5 skeletal warriors
  24 ironbrand convokers
  8 phantasmal warriors
  25 deep trolls
  6 unseen horrors
  16 orc knights
  2 necromancers
  26 harpies
  Pikel (D:6)
  A harpy (shapeshifter) (Vaults:4)
  8 orb spiders
  19 deep elf archers
  3 orc sorcerers
  101 deep elf magi
  40 ugly things
  A shining eye (shapeshifter) (Depths:1)
  16 cyclopes
  11 manticores
  27 wolf spiders
  11 fauns
  An iron dragon skeleton (Crypt:1)
  6 moths of wrath
  A worldbinder (Abyss:3)
  11 elephants
  8 water nymphs
  A black mamba (shapeshifter) (Vaults:3)
  13 merfolk sirens
  9 rust devils
  21 vault sentinels
  22 spiny frogs
  4 black mambas
  Psyche (D:12)
  A gargoyle (D:14)
  A centaur skeleton (D:14)
  76 yaktaurs
  A kobold demonologist (D:10)
  A yaktaur (shapeshifter) (Vaults:2)
  14 demonic crawlers
  2 ice devils (Depths:3)
  3 rime drakes
  6 komodo dragons
  4 efreet
  2 komodo dragons (shapeshifter)
  11 freezing wraiths
  3 meliai (D:15)
  2 guardian mummies
  5 tengu conjurers
  A meliai (shapeshifter) (Vaults:3)
  14 trolls
  4 red devils (Depths:3)
  2 jumping spiders (shapeshifter)
  A hellwing (Abyss:3)
  10 wind drakes
  30 jumping spiders
  Prince Ribbit (D:9)
  2 tyrant leeches (Lair:6)
  20 merfolk
  13 snapping turtles
  A raiju (Abyss:3)
  32 blink frogs
  A hippogriff (shapeshifter) (Vaults:4)
  19 hornets
  20 hippogriffs
  13 slime creatures
  6 flying skulls
  20 dream sheep
  A frost giant simulacrum (Vaults:2)
  A spriggan (shapeshifter) (Depths:3)
  10 air elementals
  A meliai zombie (D:15)
  59 redbacks
  2 small abominations
  33 tarantellas
  34 yaks
  An ettin skeleton (Vaults:4)
  A ynoxinul (Abyss:3)
  7 shadows
  3 yaks (shapeshifter)
  2 spriggans (Depths:5)
  26 water elementals
  4 wraiths
  3 basilisks
  A hog (Shoals:3)
  4 wyverns
  5 fire elementals
  Eustachio (D:6)
  15 humans (D:13)
  2 neqoxecs (Abyss:3)
  3 steam dragons (Shoals:4)
  A yaktaur simulacrum (Vaults:2)
  A basilisk (shapeshifter) (Vaults:4)
  13 vampire mosquitoes
  2 spatial vortices (Abyss:3)
  19 soldier ants (Spider:2)
  10 wargs
  5 acid dragons
  12 water moccasins
  10 porcupines
  6 hell hounds
  A floating eye (shapeshifter) (Vaults:4)
  5 ice beasts
  45 orc warriors
  4 black bears
  4 phantoms
  3 sky beasts
  64 ogres
  3 slaves (D:6)
  5 ettin simulacra
  4 wolves (Lair:6)
  23 boggarts
  15 centaurs
  8 crocodiles
  4 big kobolds
  34 bullfrogs
  A glowing shapeshifter simulacrum (Vaults:4)
  A wyvern zombie (D:15)
  9 earth elementals
  4 scorpions
  2 human simulacra
  3 wights (Abyss:3)
  An electric eel (shapeshifter) (Elf:1)
  2 howler monkeys (D:13)
  9 electric eels
  12 crimson imps
  8 centaur zombies
  2 jellies
  5 hounds
  2 quasits
  28 orc priests
  A bullfrog skeleton (D:3)
  A gnoll shaman (D:7)
  3 human zombies
  30 orc wizards
  2 iguanas
  A human skeleton (Crypt:1)
  An iguana (shapeshifter) (Vaults:4)
  29 worker ants
  2 big kobold zombies (Ossuary)
  2 hound skeletons
  8 mummies
  A howler monkey zombie (D:5)
  3 gnolls (D:7)
  9 adders
  4 shadow imps
  2 worms
  2 dart slugs (D:1)
  3 leopard geckos
  106 orcs
  A ball python (D:1)
  5 giant cockroaches
  A gnoll zombie (Ossuary)
  8 goblins
  10 hobgoblins
  13 jackals
  23 kobolds
  6 quokkas
  12 bats
  4 frilled lizards
  2 kobold zombies (Ossuary)
  2 leopard gecko skeletons
  3 orc zombies
  2 quokka skeletons
  9 rats
  A crawling corpse (Depths:3)
  2 fungi
  21 plants
2500 creatures vanquished.

Vanquished Creatures (others)
  A draconian knight (Zot:4)
  A stone giant (Depths:5)
  3 deep elf knights
  2 humans (Shoals:3)
  A warg (Vaults:5)
  An orc (Vaults:5)
  25 fungi
  54 plants
  6 starspawn tentacles
94 creatures vanquished.

Grand Total: 2594 creatures vanquished

Notes
Turn   | Place    | Note
-------+----------+-------------------------------------------
     0 | D:1      | Snarbu the Minotaur Fighter began the quest for the Orb.
     0 | D:1      | Reached XP level 1. HP: 19/19 MP: 0/0
    77 | D:1      | Reached skill level 3 in Maces & Flails
   118 | D:1      | Reached XP level 2. HP: 26/26 MP: 1/1
   255 | D:1      | Reached skill level 4 in Maces & Flails
   396 | D:1      | Reached XP level 3. HP: 31/31 MP: 2/2
   851 | D:3      | Reached skill level 5 in Maces & Flails
  1243 | D:3      | Reached XP level 4. HP: 37/39 MP: 3/3
  2221 | D:3      | Reached XP level 5. HP: 47/47 MP: 4/4
  2263 | D:3      | Reached skill level 5 in Fighting
  2437 | D:3      | Found a shadowy altar of Dithmenos.
  2437 | D:3      | Found an iron altar of Okawaru.
  2438 | D:3      | Found a burning altar of Makhleb.
  2447 | D:3      | Became a worshipper of Warmaster Okawaru
  2714 | D:3      | Reached * piety under Okawaru
  2714 | D:3      | Reached XP level 6. HP: 44/58 MP: 5/5
  2956 | D:4      | Reached skill level 5 in Shields
  3009 | D:4      | Found a radiant altar of Vehumet.
  3372 | D:4      | Found a sand-covered staircase.
  3380 | Ossuary  | Entered an ossuary
  3425 | Ossuary  | Reached skill level 6 in Maces & Flails
  3425 | Ossuary  | Reached XP level 7. HP: 64/64 MP: 6/6
  3622 | Ossuary  | Reached ** piety under Okawaru
  3634 | Ossuary  | Reached skill level 5 in Armour
  3854 | D:5      | Entered Level 5 of the Dungeon
  4045 | D:5      | Reached skill level 1 in Dodging
  4188 | D:5      | Reached skill level 7 in Maces & Flails
  4441 | D:5      | Identified a +2 pair of boots of running (You found it on level 5 of the Dungeon)
  4660 | D:6      | Noticed Eustachio
  4777 | D:5      | Reached skill level 1 in Invocations
  4777 | D:5      | Reached XP level 8. HP: 68/71 MP: 7/7
  4841 | D:6      | Killed Eustachio
  5001 | D:6      | Reached *** piety under Okawaru
  5308 | D:6      | Reached skill level 5 in Dodging
  5460 | D:6      | Noticed Pikel
  5726 | D:6      | Killed Pikel
  5726 | D:6      | Reached **** piety under Okawaru
  5726 | D:6      | Reached XP level 9. HP: 58/84 MP: 6/8
  6151 | D:7      | Found a staircase to the Ecumenical Temple.
  6169 | D:7      | Found a deep blue altar of Sif Muna.
  6208 | D:7      | Reached skill level 10 in Fighting
  6557 | D:7      | Found an opulent altar of Gozag.
  6675 | D:7      | Reached skill level 8 in Maces & Flails
  6825 | D:8      | Found a snail-covered altar of Cheibriados.
  6855 | D:7      | Found a burning altar of Makhleb.
  7128 | D:8      | Reached ***** piety under Okawaru
  7166 | D:8      | Reached skill level 9 in Maces & Flails
  7193 | D:8      | Noticed Dommiel19's ghost (novice OpAs)
  7308 | D:8      | Found a basalt altar of Yredelemnul.
  7316 | D:8      | Found a sacrificial altar of Ru.
  7362 | D:8      | Found a staircase to the Lair.
  7380 | D:8      | Reached XP level 10. HP: 78/93 MP: 9/9
  7605 | D:8      | Killed Dommiel19's ghost
  7799 | D:8      | Noticed a two-headed ogre
  7809 | D:8      | Killed a two-headed ogre
  7809 | D:8      | Received a gift from Okawaru
  7809 | D:8      | Reached skill level 10 in Maces & Flails
  7809 | D:8      | Reached skill level 10 in Armour
  7940 | D:8      | Noticed a two-headed ogre
  7945 | D:8      | Killed a two-headed ogre
  8210 | Lair:1   | Entered Level 1 of the Lair of Beasts
  8356 | D:8      | Reached skill level 11 in Maces & Flails
  8556 | Lair:1   | Noticed a spiny frog
  8570 | Lair:1   | Killed a spiny frog
  8911 | Lair:2   | Found a hole to the Spider Nest.
  9030 | Lair:1   | Got a thick robe
  9041 | Lair:1   | Identified the +2 robe of Nayzorag {rCorr} (You found it on level 1 of the Lair of Beasts)
  9198 | Lair:1   | Reached XP level 11. HP: 99/99 MP: 10/10
  9375 | Lair:2   | Noticed prolog's ghost (journeyman GrBe)
  9549 | Lair:2   | Killed prolog's ghost
  9680 | Lair:2   | Noticed a six-headed hydra
  9696 | Lair:2   | Killed a six-headed hydra
  9696 | Lair:2   | Reached skill level 12 in Maces & Flails
 10166 | Lair:2   | Received a gift from Okawaru
 10166 | Lair:2   | Reached ****** piety under Okawaru
 10169 | Lair:2   | Got a crude falchion {god gift}
 10741 | Lair:3   | Noticed Nergalle
 10758 | Lair:3   | Killed Nergalle
 10758 | Lair:3   | Reached skill level 13 in Maces & Flails
 11075 | Lair:3   | Identified the +7 falchion "Efiex" {holy, rC- rN+ MR+ Int+6} (Okawaru gifted it to you on level 2 of the Lair of Beasts)
 11376 | Lair:3   | Reached skill level 5 in Invocations
 11556 | Lair:3   | Found a staircase to the Shoals.
 11862 | Lair:3   | Received a gift from Okawaru
 11865 | Lair:3   | Got a brightly glowing crystal plate armour {god gift}
 11876 | Lair:3   | Identified the +5 crystal plate armour of Repulsion {Int+5} (Okawaru gifted it to you on level 3 of the Lair of Beasts)
 11977 | Lair:3   | Reached XP level 12. HP: 108/108 MP: 14/14
 12554 | Lair:4   | Noticed a seven-headed hydra
 12566 | Lair:4   | Killed a seven-headed hydra
 12851 | Lair:4   | Reached skill level 14 in Maces & Flails
 13259 | Lair:5   | Found a viscous altar of Jiyva.
 13263 | Lair:5   | Found a staircase to the Slime Pits.
 13439 | Lair:5   | Received a gift from Okawaru
 13602 | Lair:5   | Reached skill level 10 in Dodging
 13682 | Lair:6   | Entered Level 6 of the Lair of Beasts
 13802 | Lair:6   | Noticed Rupert
 14266 | Lair:6   | Paralysed by Rupert for 2 turns
 14289 | Lair:5   | Reached XP level 13. HP: 109/118 MP: 15/15
 14294 | Lair:5   | Reached skill level 15 in Maces & Flails
 14620 | Lair:5   | Killed Rupert
 15171 | Lair:6   | Reached skill level 16 in Maces & Flails
 15378 | Lair:6   | Received a gift from Okawaru
 15852 | Lair:6   | Received a gift from Okawaru
 15928 | Lair:6   | Reached skill level 15 in Fighting
 16160 | Lair:6   | Reached XP level 14. HP: 135/135 MP: 16/16
 17252 | D:9      | Found a shattered altar of Ashenzari.
 17295 | D:10     | Entered Level 10 of the Dungeon
 17443 | D:9      | Found a stormy altar of Qazlal.
 17443 | D:9      | Noticed Prince Ribbit
 17453 | D:9      | Killed Prince Ribbit
 17512 | D:9      | Found a snail-covered altar of Cheibriados.
 17512 | D:9      | Found a glowing golden altar of the Shining One.
 19042 | D:11     | Found a staircase to the Orcish Mines.
 19073 | Orc:1    | Entered Level 1 of the Orcish Mines
 19268 | Orc:1    | Received a gift from Okawaru
 19413 | Orc:1    | Found Atiomnav's Gadget Shop.
 19616 | Orc:1    | Found a runed door.
 19638 | Orc:1    | Reached skill level 10 in Shields
 19718 | Orc:1    | Found a roughly hewn altar of Beogh.
 19898 | Orc:1    | Noticed an orc warlord
 19939 | Orc:1    | Killed an orc warlord
 20109 | Orc:2    | Entered Level 2 of the Orcish Mines
 20838 | Orc:2    | Found Dadghilev's Magic Scroll Shoppe.
 20842 | Orc:2    | Found Monotop's Armour Shoppe.
 20916 | Orc:2    | Received a gift from Okawaru
 21034 | Orc:2    | Found Kimeur's Jewellery Shop.
 21040 | Orc:2    | Bought a scroll of identify for 28 gold pieces
 21042 | Orc:2    | Bought a scroll of brand weapon for 280 gold pieces
 21053 | Orc:2    | Found Fyneq's Armour Emporium.
 21087 | Orc:2    | Reached XP level 15. HP: 103/144 MP: 11/17
 21218 | Orc:2    | Bought an uncursed ring of protection from fire for 350 gold pieces
 21218 | Orc:2    | Bought an uncursed ring of poison resistance for 280 gold pieces
 21369 | Orc:2    | Found a staircase to the Elven Halls.
 21497 | Orc:2    | Bought an uncursed ring of protection from magic for 350 gold pieces
 22396 | D:12     | Noticed Psyche
 22403 | D:12     | Killed Psyche
 22700 | D:14     | You fall through a shaft!
 22700 | D:15     | Entered Level 15 of the Dungeon
 23346 | D:15     | Found Quzehaar's Jewellery Emporium.
 23382 | D:15     | Received a gift from Okawaru
 24018 | D:15     | Found a staircase to the Depths.
 24458 | Elf:1    | Entered Level 1 of the Elven Halls
 24985 | Elf:1    | Noticed Nikola
 25023 | Elf:1    | Killed Nikola
 25081 | Elf:1    | Noticed Asterion
 25094 | Elf:1    | Killed Asterion
 25094 | Elf:1    | Received a gift from Okawaru
 25094 | Elf:1    | Reached XP level 16. HP: 138/151 MP: 11/20
 26338 | Elf:2    | Noticed Azrael
 26358 | Elf:2    | Reached skill level 15 in Shields
 26374 | Elf:2    | Killed Azrael
 26833 | Elf:2    | Noticed a deep elf blademaster
 26872 | Elf:2    | Killed a deep elf blademaster
 26872 | Elf:2    | Received a gift from Okawaru
 26938 | Elf:2    | Got a warped large shield {god gift}
 26944 | Elf:2    | Identified the +0 large shield of Sotah {MR+ Int+3 Dex-4} (Okawaru gifted it to you on level 2 of the Elven Halls)
 27121 | Elf:2    | Found a runed gate.
 27122 | Elf:2    | Found a runed gate.
 27124 | Elf:2    | Found a runed gate.
 27201 | Elf:2    | Gained mutation: You have an increased reservoir of magic. (+10% MP) [potion of mutation]
 27201 | Elf:2    | Gained mutation: You have large cloven feet. [potion of mutation]
 27201 | Elf:2    | Gained mutation: You passively map a small area around you. [potion of mutation]
 27292 | Elf:3    | Entered Level 3 of the Elven Halls
 29015 | Elf:3    | Reached XP level 17. HP: 160/160 MP: 23/23
 29104 | Elf:3    | Noticed a deep elf blademaster
 29127 | Elf:3    | Killed a deep elf blademaster
 29235 | Elf:3    | Noticed a deep elf master archer
 29585 | Elf:3    | Noticed a Hell Sentinel
 29591 | Elf:3    | Killed a deep elf master archer
 29595 | Elf:3    | Received a gift from Okawaru
 29598 | Elf:3    | Reached skill level 15 in Dodging
 29604 | Elf:3    | Got a transparent scarf {god gift}
 29616 | Elf:3    | Identified the scarf "Mufe" {rN+ Regen+} (Okawaru gifted it to you on level 3 of the Elven Halls)
 30039 | Elf:3    | Got a transparent pewter ring
 30143 | Elf:3    | Noticed a Brimstone Fiend
 30159 | Elf:3    | Noticed a deep elf blademaster
 30166 | Elf:3    | Noticed a deep elf master archer
 30170 | Elf:3    | Killed a deep elf blademaster
 30170 | Elf:3    | Reached skill level 15 in Armour
 30501 | Elf:3    | Killed a deep elf master archer
 30501 | Elf:3    | Received a gift from Okawaru
 30590 | Elf:3    | Noticed an Ice Fiend
 30594 | Elf:3    | Noticed a Hell Sentinel
 30973 | Elf:3    | Got a glittering lapis lazuli ring
 31085 | Elf:3    | Identified the Catalogue of Earth and Creation
 31238 | Elf:3    | Identified the ring of the Oligarchy {rC+ EV+3 Str+4 Int+3} (You took it off a deep elf archer on level 3 of the Elven Halls)
 31239 | Elf:3    | Identified a ring of Discretion {rPois rF+ Str+4 Int+5 Dex-5} (You took it off a deep elf archer on level 3 of the Elven Halls)
 31751 | Elf:3    | Reached XP level 18. HP: 165/170 MP: 25/25
 32421 | D:13     | Received a gift from Okawaru
 32586 | D:13     | Found a hide-covered altar of Uskayaw.
 32783 | D:13     | Found a gate to the Vaults.
 34175 | Shoals:1 | Entered Level 1 of the Shoals
 34249 | Shoals:1 | You fall through a shaft!
 34575 | Shoals:1 | Found a frozen archway.
 35088 | Shoals:2 | Reached skill level 1 in Evocations
 35227 | Shoals:2 | Received a gift from Okawaru
 35522 | Shoals:3 | Found a runed door.
 35598 | Shoals:3 | Noticed Polyphemus
 35637 | Shoals:3 | Killed Polyphemus
 35660 | Shoals:3 | Noticed Kirke
 35670 | Shoals:3 | Killed Kirke
 36050 | Shoals:4 | Entered Level 4 of the Shoals
 36150 | Shoals:4 | Received a gift from Okawaru
 36188 | Shoals:4 | Found Cegudej's Distillery.
 36198 | Shoals:4 | Bought a potion of heal wounds for 65 gold pieces
 36198 | Shoals:4 | Bought a potion of haste for 130 gold pieces
 36198 | Shoals:4 | Bought a potion of haste for 130 gold pieces
 36198 | Shoals:4 | Bought a potion of heal wounds for 65 gold pieces
 36198 | Shoals:4 | Bought a potion of resistance for 130 gold pieces
 36661 | Shoals:4 | Got a crude ruby amulet
 36828 | Shoals:4 | Reached XP level 19. HP: 172/178 MP: 27/27
 37204 | Shoals:4 | Received a gift from Okawaru
 37289 | Shoals:4 | Received a gift from Okawaru
 37368 | Shoals:4 | Got a barnacled rune of Zot
 37913 | Vaults:1 | Entered Level 1 of the Vaults
 38166 | D:13     | Paralysed by a vampire knight for 5 turns
 39513 | Vaults:1 | Received a gift from Okawaru
 39619 | Vaults:1 | Paralysed by a sphinx for 6 turns
 39784 | Vaults:1 | Identified the amulet "Buekap" {Inacc rF++ rC- Int+3} (You found it on level 4 of the Shoals)
 39822 | Vaults:1 | Noticed a lich
 39835 | Vaults:1 | Killed a lich
 40236 | Vaults:1 | Got a pair of blackened gloves
 40247 | Vaults:1 | Identified the +5 pair of gloves of Zin's Whim {+Inv rN+++ Str-3} (You found it on level 1 of the Vaults)
 40322 | Vaults:1 | Identified the Collected Works on Confrontation and Transmigration
 40534 | Vaults:1 | Reached XP level 20. HP: 193/193 MP: 28/28
 41081 | Vaults:2 | Found Yvyod's Assorted Antiques.
 41112 | Vaults:2 | Bought a scroll of identify for 78 gold pieces
 41295 | Vaults:2 | Received a gift from Okawaru
 41303 | Vaults:2 | Got a pair of dazzling boots {god gift}
 41361 | Vaults:2 | Reached skill level 17 in Maces & Flails
 41368 | Vaults:2 | Identified the +1 pair of boots "Hetziaj" {*Corrode +Inv Int+9} (Okawaru gifted it to you on level 2 of the Vaults)
 41507 | Vaults:2 | Found a staircase to the Crypt.
 41507 | Vaults:2 | Found a basalt altar of Yredelemnul.
 41507 | Vaults:2 | Found an ancient bone altar of Kikubaaqudgha.
 41890 | Vaults:2 | Got a dazzling demon blade
 41891 | Vaults:2 | Identified the +6 demon blade of the Penguin {venom, rF- rN+ Dex+2} (You found it on level 2 of the Vaults)
 41933 | Vaults:2 | Found Evvisepu's Gadget Shoppe.
 42167 | Vaults:2 | Reached skill level 18 in Maces & Flails
 42667 | Crypt:1  | Entered Level 1 of the Crypt
 43061 | Vaults:3 | Received a gift from Okawaru
 43107 | Vaults:3 | Reached skill level 19 in Maces & Flails
 43918 | Vaults:3 | Reached skill level 20 in Maces & Flails
 44366 | Vaults:3 | Reached XP level 21. HP: 201/201 MP: 29/29
 44445 | Vaults:3 | Received a gift from Okawaru
 45432 | Vaults:4 | Found Niunnax's Magic Scroll Shoppe.
 45432 | Vaults:4 | Noticed Jory
 45451 | Vaults:4 | Killed Jory
 45455 | Vaults:4 | Bought a scroll of identify for 40 gold pieces
 45455 | Vaults:4 | Bought a scroll of identify for 40 gold pieces
 45455 | Vaults:4 | Bought a scroll of identify for 40 gold pieces
 45455 | Vaults:4 | Bought a scroll of teleportation for 60 gold pieces
 45789 | Vaults:4 | Cast into level 3 of the Abyss (a deep elf sorcerer)
 45835 | Abyss:3  | Received a gift from Okawaru
 45838 | Abyss:3  | Got a slimy mace {god gift}
 45839 | Abyss:3  | Identified the +2 mace of Forgiveness {venom, *Corrode rN++ Stlth+} (Okawaru gifted it to you on level 3 of the Abyss)
 45964 | Abyss:3  | Gained mutation: You are clumsy. (Dex -2) [a neqoxec]
 46048 | Vaults:4 | Escaped the Abyss
 46661 | Vaults:4 | Noticed Jorgrun
 46679 | Vaults:4 | Received a gift from Okawaru
 46690 | Vaults:4 | Killed Jorgrun
 47068 | Vaults:5 | Entered Level 5 of the Vaults
 47112 | Vaults:4 | Reached XP level 22. HP: 209/209 MP: 30/30
 47764 | Vaults:5 | Received a gift from Okawaru
 48150 | Vaults:5 | Noticed a caustic shrike
 48150 | Vaults:5 | a fire giant changed into a caustic shrike
 48156 | Vaults:5 | Noticed a golden dragon
 48156 | Vaults:5 | a caustic shrike changed into a golden dragon
 48170 | Vaults:5 | a golden dragon changed into an iron dragon
 48174 | Vaults:5 | Noticed a golden dragon
 48174 | Vaults:5 | an iron dragon changed into a golden dragon
 48190 | Vaults:5 | a golden dragon changed into a shadow dragon
 48219 | Vaults:5 | Noticed a golden dragon
 48226 | Vaults:5 | Killed a golden dragon
 48298 | Vaults:5 | Noticed a golden dragon
 48304 | Vaults:5 | Killed a golden dragon
 48450 | Vaults:5 | Got a ring of the Octopus King
 48549 | Vaults:5 | Noticed a golden dragon
 48577 | Vaults:5 | Noticed Erymatos's ghost (veteran MiBe)
 48581 | Vaults:5 | Killed a golden dragon
 48581 | Vaults:5 | Received a gift from Okawaru
 48817 | Vaults:5 | Reached XP level 23. HP: 166/217 MP: 24/31
 48868 | Vaults:5 | Killed Erymatos's ghost
 49194 | Vaults:5 | Got a jewelled scale mail
 49197 | Vaults:5 | Identified the cursed +0 scale mail of Xuad {Dex+7} (You found it on level 5 of the Vaults)
 49198 | Vaults:5 | Identified a ring of the Octopus King {rCorr AC+1 EV+1 Str+1 Int+1 Dex+1} (You took it off a vault warden on level 5 of the Vaults)
 49523 | Vaults:5 | Got a silver rune of Zot
 49760 | Vaults:5 | Noticed an ancient lich
 49778 | Vaults:5 | Killed an ancient lich
 49868 | Vaults:5 | Got a steaming steel amulet
 49874 | Vaults:5 | Identified the amulet "Qakol" {Inacc rF- Str+9 Stlth+} (You found it on level 5 of the Vaults)
 50237 | Vaults:5 | Identified the Grimoire of Burning Dislocation
 50249 | Vaults:5 | Identified Justrupra's Catalogue of Confrontation
 50826 | D:14     | Found a portal to a secret trove of treasure.
 51010 | D:14     | Received a gift from Okawaru
 51086 | D:14     | Noticed Louise
 51113 | D:14     | Killed Louise
 51353 | D:14     | Received a gift from Okawaru
 51357 | D:14     | Got a fine great mace {god gift}
 51364 | D:14     | Identified the +8 great mace "Uteacunu" {holy, rF++ Str+3 Int+5} (Okawaru gifted it to you on level 14 of the Dungeon)
 51406 | D:14     | Identified Sif Muna's Volume of Beguiling and the Rocks
 51548 | D:14     | Found a runed door.
 51588 | D:14     | Found a glowing golden altar of the Shining One.
 52041 | Depths:1 | Entered Level 1 of the Depths
 52073 | Depths:1 | Gained mutation: You do not regenerate when monsters are visible. [a shining eye]
 52201 | Depths:1 | Found a runed door.
 52764 | Depths:1 | Noticed Sojobo
 52784 | Depths:1 | Killed Sojobo
 52862 | Depths:1 | Reached XP level 24. HP: 180/233 MP: 31/31
 53001 | Depths:1 | Found a gateway to Hell.
 54332 | D:8      | Got an ebony hand axe
 54333 | D:8      | Identified the +4 hand axe of Gallantry {chop, *Contam rC+ Str+3} (You found it on level 8 of the Dungeon)
 54388 | Lair:1   | Gained mutation: Armour fits poorly on your strangely shaped body. [mutagenic glow]
 54513 | Spider:1 | Entered Level 1 of the Spider Nest
 54536 | Spider:1 | Noticed Timinator's ghost (adept MiBe)
 54550 | Spider:1 | Killed Timinator's ghost
 54582 | Spider:1 | Received a gift from Okawaru
 55970 | Spider:3 | Lost mutation: You are clumsy. (Dex -2) [potion of mutation]
 55970 | Spider:3 | Gained mutation: Your system is resistant to poisons. (rPois) [potion of mutation]
 56579 | Spider:4 | Entered Level 4 of the Spider Nest
 56901 | Spider:4 | Received a gift from Okawaru
 57421 | Spider:4 | Got a gossamer rune of Zot
 58093 | Orc:2    | Bought the amulet "Oshuva" {Reflect rN+ MP+9 Str-4 SH+3} for 523 gold pieces
 58093 | Orc:2    | Bought an uncursed ring of protection from magic for 350 gold pieces
 59713 | Depths:3 | Received a gift from Okawaru
 59909 | Depths:3 | Reached skill level 21 in Maces & Flails
 59913 | Depths:3 | Found a shattered altar of Ashenzari.
 59916 | Depths:3 | Found a gateway to a ziggurat.
 60250 | Depths:3 | Found a blossoming altar of Fedhas.
 60252 | Depths:3 | Found a one-way gate leading to the halls of Pandemonium.
 60324 | Depths:3 | Found a sparkling altar of Nemelex Xobeh.
 60362 | Depths:3 | Reached XP level 25. HP: 206/240 MP: 31/31
 60445 | Depths:3 | Reached skill level 22 in Maces & Flails
 60458 | Depths:3 | Noticed a juggernaut
 60505 | Depths:3 | HP: 12/240 [spriggan berserker/war axe (12)]
 60817 | Depths:3 | Identified a scroll of acquirement
 60892 | Depths:3 | Got a pair of slimy gloves
 60893 | Depths:3 | Identified the +0 pair of gloves "Raefodwe" {Slay+2} (You acquired it on level 3 of the Depths)
 60932 | Depths:3 | Found a hazy altar of Hepliaklqana.
 60965 | Depths:3 | Found a one-way gate to the infinite horrors of the Abyss.
 61044 | Depths:3 | Got a pitted hat
 61045 | Depths:3 | Identified the cursed +0 hat of the Lily {Int+4} (You found it on level 3 of the Depths)
 61057 | Depths:3 | Cast into level 3 of the Abyss (a deep elf demonologist)
 61059 | Abyss:3  | Found a corrupted altar of Lugonu.
 61197 | Depths:3 | Escaped the Abyss
 61336 | Depths:3 | Got an ichor-stained hat
 61347 | Depths:3 | Identified the +3 hat "Pasouw" {rElec Dex+4} (You found it on level 3 of the Depths)
 61503 | Depths:3 | Reached skill level 23 in Maces & Flails
 61702 | Depths:4 | Received a gift from Okawaru
 62011 | Depths:4 | Found Merphi Hyall's Pet Rocks.
 62038 | Depths:4 | Noticed Frederick
 62051 | Depths:4 | Killed Frederick
 62179 | Depths:5 | Entered Level 5 of the Depths
 62463 | Depths:5 | Reached skill level 24 in Maces & Flails
 62506 | Depths:5 | Noticed oldnick's ghost (veteran TrMo)
 62536 | Depths:5 | Found a magical portal.
 62570 | Depths:5 | Received a gift from Okawaru
 62683 | WizLab   | Entered Iskenderun's Mystic Tower
 63061 | WizLab   | Identified Iskenderun's Guide on Arcane Weapons
 63061 | WizLab   | Identified Iskenderun's Compendium of Attacks
 63079 | WizLab   | Identified the Compendium of Fiery Poisoning
 63222 | WizLab   | Reached skill level 25 in Maces & Flails
 63581 | Depths:5 | Killed oldnick's ghost
 63780 | Depths:5 | Noticed Mennas
 63828 | Depths:5 | Killed Mennas
 63828 | Depths:5 | Reached XP level 26. HP: 206/248 MP: 31/31
 63860 | Depths:5 | Received a gift from Okawaru
 63871 | Depths:5 | Got a twisted shield {god gift}
 63882 | Depths:5 | Identified the +3 shield of Dice, Bag, and Bottle {+Blink rPois Str-4 Dex+3} (Okawaru gifted it to you on level 5 of the Depths)
 63988 | Depths:5 | Found a gate to the Realm of Zot.
 64140 | Zot:1    | Entered Level 1 of the Realm of Zot
 64252 | Zot:1    | Reached skill level 26 in Maces & Flails
 65454 | Zot:2    | Noticed an orb of fire
 65455 | Zot:2    | Gained mutation: Your spells are a little easier to cast, but a little less powerful. [an orb of fire]
 65463 | Zot:2    | Lost mutation: Armour fits poorly on your strangely shaped body. [an orb of fire]
 65467 | Zot:2    | Gained mutation: You are occasionally teleported next to monsters. [an orb of fire]
 65473 | Zot:2    | Gained mutation: You are clumsy. (Dex -2) [an orb of fire]
 65475 | Zot:2    | Killed an orb of fire
 66032 | Zot:4    | Received a gift from Okawaru
 66682 | Zot:5    | Entered Level 5 of the Realm of Zot
 66803 | Zot:5    | Noticed Tiamat
 66803 | Zot:5    | Gained mutation: Scrolls take you a little longer to read. [an orb of fire]
 66804 | Zot:5    | Noticed an orb of fire
 66804 | Zot:5    | Noticed an orb of fire
 66804 | Zot:5    | Noticed an orb of fire
 66808 | Zot:5    | Noticed an orb of fire
 66808 | Zot:5    | Gained mutation: You are very clumsy. (Dex -4) [an orb of fire]
 66826 | Zot:5    | Gained mutation: Your spells are easier to cast, but less powerful. [an orb of fire]
 66833 | Zot:5    | Gained mutation: Your spells are much easier to cast, but much less powerful. [an orb of fire]
 66835 | Zot:5    | Gained mutation: Your body sometimes deteriorates upon taking damage. [an orb of fire]
 66840 | Zot:5    | HP: 15/372 [tentacled monstrosity (9)]
 66840 | Zot:5    | Killed from afar by an orb of fire

Skill      XL: |  1  2  3  4  5  6  7  8  9 10 11 12 13 14 15 16 17 18 19 20 21 22 23 24 25 26 |
---------------+-------------------------------------------------------------------------------+-----
Maces & Flails | 3 4 5 6 7 9 11 13 14 16 20 21 25 26 | 26.3
Fighting       | 4 6 9 10 12 15 16 17 19 20 22 | 22.5
Shields        | 4 5 7 8 12 14 16 18 19 21 23 | 23.9
Armour         | 4 5 6 9 10 11 12 13 14 16 18 20 22 24 | 24.8
Dodging        | 3 6 8 10 11 13 14 16 19 20 | 20.6
Invocations    | 1 5 6 7 8 9 |  9.0
Evocations     | 4 |  4.3

Action                   |  1- 3 |  4- 6 |  7- 9 | 10-12 | 13-15 | 16-18 | 19-21 | 22-24 | 25-27 || total
-------------------------+-------+-------+-------+-------+-------+-------+-------+-------+-------++-------
Melee: Flail             |   100 |   175 |    52 |       |       |       |       |       |       ||   327
       Headbutt          |    11 |    21 |    69 |   214 |   510 |   507 |   560 |   693 |   367 ||  2952
       Mace              |       |       |   307 |   757 |  1071 |       |       |       |       ||  2135
       Morningstar       |       |       |       |       |   634 |  1817 |  1953 |  2492 |  1364 ||  8260
       Falchion          |       |       |       |       |     1 |       |       |       |       ||     1
       Eveningstar       |       |       |       |       |       |    15 |    34 |     3 |       ||    52
       Great mace        |       |       |       |       |       |       |    31 |       |       ||    31
       Kick              |       |       |       |       |       |       |    17 |       |       ||    17
Invok: Heroism           |       |       |     1 |     8 |     9 |    22 |    25 |    49 |    33 ||   147
       Finesse           |       |       |       |     1 |     6 |     8 |    10 |    12 |    12 ||    49
Evoke: Wand              |       |       |       |       |       |     3 |     3 |     3 |       ||     9
       Fan of gales      |       |       |       |       |       |       |     1 |       |       ||     1
  Use: Potion            |       |     1 |       |     2 |     7 |    12 |    13 |    10 |     5 ||    50
       Scroll            |       |     3 |     7 |     7 |    23 |    18 |    11 |    17 |    11 ||    97
 Stab: Petrifying        |       |       |       |       |       |     1 |       |       |       ||     1
       Distracted        |       |       |       |       |       |       |       |     2 |       ||     2
       Confused          |       |       |       |       |       |       |       |     1 |       ||     1
  Eat: Chunk             |     1 |     3 |       |       |     1 |     1 |       |       |       ||     6
       Bread ration      |       |     1 |     2 |     4 |     1 |     5 |     1 |     6 |     1 ||    21
       Royal jelly       |       |       |     2 |     4 |     3 |     5 |       |     2 |       ||    16
       Fruit             |       |       |       |       |     3 |     1 |       |     4 |       ||     8
       Meat ration       |       |       |       |       |     4 |     1 |     5 |     2 |     3 ||    15
Armor: Scale mail        |    46 |    53 |       |       |       |       |       |       |       ||    99
       Chain mail        |       |    43 |   115 |       |       |       |       |       |       ||   158
       Plate armour      |       |       |       |   116 |       |       |       |       |       ||   116
       Crystal plate arm |       |       |       |   158 |   628 |   706 |   640 |   789 |   355 ||  3276
       Skin              |       |       |       |       |       |       |       |       |     9 ||     9
Dodge: Dodged            |    47 |    44 |    81 |   104 |   244 |   416 |   523 |  1008 |   462 ||  2929
Block: Shield            |    63 |   109 |   165 |    12 |       |       |   787 |  2089 |  1078 ||  4303
       Large shield      |       |       |       |   506 |  1224 |  1654 |   675 |       |       ||  4059
       Reflection        |       |       |       |       |       |       |       |       |    32 ||    32
